[Event "Early Titled Tuesday Blitz | February 8 2022"]
[White "Jobava, Baadur"]
[Black "Madaminov, Mukhiddin"]
[WhiteFideId "13601520"]
[BlackFideId "14210703"]
[WhiteElo "2617"]
[BlackElo "1916"]
[Result "1-0"]
[Round "02"]
[TimeControl "180+1"]
[Date "2022.02.08"]
[WhiteClock "0:02:30"]
[BlackClock "0:02:24"]

1. e4 e5 2. Nf3 Nc6 3. Bc4 Nf6 4. d3 h6 5. c3 d6 6. b4 g5 7. h3 Bg7 8. a4 O-O 9. Nbd2 Ne7 10. a5 c6 11. Ba2 Ng6 12. g3 d5 13. Qe2 Re8 14. Kf1 b6 15. Bb3 Rb8 16. axb6 axb6 17. Kg2 c5 18. bxc5 bxc5 19. Ba4 Bd7 20. Bxd7 Qxd7 21. c4 1-0


[Site "https://www.chess.com"]

[Event "Early Titled Tuesday Blitz | February 8 2022"]
[White "Jumabayev, Rinat"]
[Black "Kouskoutis, Georgios-Alexandros"]
[WhiteFideId "13702661"]
[BlackFideId "4234049"]
[WhiteElo "2561"]
[BlackElo "2130"]
[Result "1-0"]
[Round "02"]
[TimeControl "180+1"]
[Date "2022.02.08"]
[WhiteClock "0:00:57"]
[BlackClock "0:00:04"]

1. d4 Nf6 2. Nf3 d5 3. Bf4 c5 4. e3 Nc6 5. Nbd2 Bg4 6. c3 e6 7. Qb3 Qb6 8. Qxb6 axb6 9. Bb5 Nd7 10. Ne5 Ndxe5 11. Bxe5 Rc8 12. a4 f6 13. Bg3 Be7 14. a5 bxa5 15. dxc5 Kf7 16. Nb3 Ra8 17. f3 Bf5 18. Kf2 Rhc8 19. Rhe1 e5 20. Kg1 Be6 21. Bf2 d4 22. c4 dxe3 23. Bxe3 Nb4 24. Re2 Nd3 25. Rxa5 Rxa5 26. Nxa5 Nxc5 27. Rd2 b6 28. Nc6 Kf8 29. b4 Nb3 30. Rd3 Nd4 31. Bxd4 exd4 32. Rxd4 Bxb4 33. Nxb4 1-0


[Site "https://www.chess.com"]

[Event "Early Titled Tuesday Blitz | February 8 2022"]
[White "Kalogridis, Antonios"]
[Black "Jain Kashish Manoj"]
[WhiteFideId "25833901"]
[BlackFideId "35081098"]
[WhiteElo "1495"]
[BlackElo "1681"]
[Result "1-0"]
[Round "02"]
[TimeControl "180+1"]
[Date "2022.02.08"]
[WhiteClock "0:00:23"]
[BlackClock "0:00:02"]

1. d4 Nf6 2. c4 g6 3. Nc3 Bg7 4. Nf3 O-O 5. h4 d6 6. e4 Bg4 7. Be2 Nbd7 8. Be3 e5 9. d5 Nc5 10. Qc2 a5 11. O-O-O Nh5 12. Ng1 Bxe2 13. Ngxe2 a4 14. g4 Nf4 15. Nxf4 exf4 16. Bxf4 a3 17. b3 Qf6 18. Bd2 Qxf2 19. h5 Rfe8 20. hxg6 hxg6 21. Rdf1 Qd4 22. Rh2 Nxe4 23. Nb5 Qa1+ 24. Qb1 Qe5 25. Rfh1 Rac8 26. Qd3 c6 27. Na7 Ra8 28. Be3 Qa1+ 29. Kc2 Qxa2+ 30. Kd1 Qa1+ 31. Ke2 Nc3+ 32. Kf3 Ne4 33. Rxa1 Bxa1 34. Bd4 f6 35. Bxa1 Rxa7 36. Qxe4 Rxe4 37. Kxe4 Kg7 38. Rf2 cxd5+ 39. Kxd5 a2 40. g5 Kh7 41. Rxf6 Ra5+ 42. Kxd6 Rxg5 43. Rf1 Rg3 44. Ke6 Rxb3 45. Rh1+ 1-0


[Site "https://www.chess.com"]

[Event "Early Titled Tuesday Blitz | February 8 2022"]
[White "Kanyamarala, Tarun"]
[Black "Mejia, Cherry Ann"]
[WhiteFideId "45004714"]
[BlackFideId "5206880"]
[WhiteElo "2144"]
[BlackElo "2007"]
[Result "1-0"]
[Round "02"]
[TimeControl "180+1"]
[Date "2022.02.08"]
[WhiteClock "0:01:53"]
[BlackClock "0:00:04"]

1. d4 d5 2. c4 dxc4 3. e3 e5 4. Nf3 exd4 5. Bxc4 Bb4+ 6. Bd2 Bxd2+ 7. Nbxd2 dxe3 8. Qe2 Qe7 9. fxe3 Nf6 10. O-O-O O-O 11. Kb1 Bf5+ 12. Ka1 Nc6 13. Rhf1 Bg6 14. Nh4 Bh5 15. Nf5 Qe5 16. g4 Bxg4 17. Qg2 Bxf5 18. Nf3 Qe4 19. Bd3 Qg4 20. Qe2 Bxd3 21. Rxd3 Rad8 22. Rg1 Qc4 23. Qg2 g6 24. Rc3 Qe4 25. Qh3 Ne5 26. Ng5 Qd5 27. a3 h5 28. Qh4 Neg4 29. h3 Nh6 30. e4 Qd4 31. Nf3 Qe3 32. Rxe3 1-0


[Site "https://www.chess.com"]

[Event "Early Titled Tuesday Blitz | February 8 2022"]
[White "Kanyamarala, Trisha"]
[Black "Haukenfrers, Dale"]
[WhiteFideId "45004722"]
[BlackFideId "2603780"]
[WhiteElo "2002"]
[BlackElo "1984"]
[Result "1-0"]
[Round "02"]
[TimeControl "180+1"]
[Date "2022.02.08"]
[WhiteClock "0:01:47"]
[BlackClock "0:01:23"]

1. c4 d6 2. Nc3 c6 3. d4 Na6 4. e4 g6 5. Nf3 Bg7 6. g3 f5 7. Bg2 Nf6 8. e5 Ng4 9. h3 Nh6 10. exd6 exd6 11. Bg5 Qd7 12. O-O O-O 13. Re1 Nf7 14. Re7 Qd8 15. Rxf7 Rxf7 16. Bxd8 Be6 17. Ng5 Bxc4 18. Nxf7 Bxf7 19. Bg5 Re8 20. Qd2 d5 21. Re1 Nc7 22. Rxe8+ Nxe8 23. Qe3 Nd6 24. Qe7 Bf8 25. Qe2 a5 26. Be7 a4 27. Bxf8 Kxf8 28. Qe5 a3 29. Qxd6+ Kg7 30. bxa3 c5 31. Qxc5 b6 32. Qd6 Kh6 33. Bxd5 b5 34. Bxf7 b4 35. Qf4+ g5 36. Qd6+ Kg7 37. Bb3 bxa3 38. Qe7+ Kh6 39. Qf6+ Kh5 40. Bd1+ g4 41. Qxf5+ Kh6 42. Qf6+ Kh5 43. Bxg4# 1-0


[Site "https://www.chess.com"]

[Event "Early Titled Tuesday Blitz | February 8 2022"]
[White "Karabalis, Harilos"]
[Black "Politov, Pavel Y."]
[WhiteFideId "4621808"]
[BlackFideId "24110515"]
[WhiteElo "2168"]
[BlackElo "2090"]
[Result "1-0"]
[Round "02"]
[TimeControl "180+1"]
[Date "2022.02.08"]
[WhiteClock "0:01:47"]
[BlackClock "0:00:05"]

1. e4 c5 2. a3 Nc6 3. Bc4 e6 4. Nc3 Nf6 5. d3 d5 6. exd5 exd5 7. Ba2 Be7 8. Bg5 O-O 9. Nge2 Be6 10. Nf4 Qd6 11. O-O h6 12. Bxf6 Bxf6 13. Nfxd5 Bxc3 14. Nxc3 Bxa2 15. Nxa2 Rfe8 16. Nc3 Rad8 17. Re1 Rxe1+ 18. Qxe1 Nd4 19. Rc1 Qc6 20. Qe4 Qxe4 21. dxe4 f6 22. Kf1 Kf7 23. f3 Ke6 24. Ne2 Nxe2 25. Kxe2 a6 26. Rd1 Rxd1 27. Kxd1 Ke5 28. Ke2 b5 29. Ke3 c4 30. f4+ Ke6 31. Kd4 Kd6 32. g3 g6 33. h4 g5 34. hxg5 hxg5 35. fxg5 fxg5 36. e5+ Ke6 37. Ke4 g4 38. c3 a5 39. Kf4 a4 40. Ke4 Kf7 41. Kf5 Ke7 42. Kxg4 Ke6 43. Kf4 1-0


[Site "https://www.chess.com"]

[Event "Early Titled Tuesday Blitz | February 8 2022"]
[White "Kett, Tim"]
[Black "Chernomordik, Pavel"]
[WhiteFideId "1801210"]
[BlackFideId "2804530"]
[WhiteElo "2098"]
[BlackElo "2249"]
[Result "0-1"]
[Round "02"]
[TimeControl "180+1"]
[Date "2022.02.08"]
[WhiteClock "0:00:01"]
[BlackClock "0:00:25"]

1. e4 g6 2. d4 Bg7 3. Nc3 d6 4. h4 h6 5. Be3 a6 6. Qd2 b5 7. O-O-O Bb7 8. Bd3 Nd7 9. f4 c5 10. e5 b4 11. Ne4 c4 12. e6 fxe6 13. Nxd6+ exd6 14. Bxg6+ Ke7 15. Nf3 Ngf6 16. Qxb4 Bxf3 17. gxf3 Nd5 18. Qe1 c3 19. f5 cxb2+ 20. Kb1 N7f6 21. fxe6 Qc8 22. Bd2 Qxe6 23. Bf5 Qxe1 24. Rhxe1+ Kf8 25. c4 Ne7 26. Bc2 Nc6 27. Bf4 Rd8 28. Re6 Ne8 29. d5 Nd4 30. Re4 Nxc2 31. Kxc2 Rb8 32. Kb1 Kf7 33. c5 Rd8 34. Rde1 Bf6 35. c6 Nc7 36. h5 Nb5 37. Re6 Na3# 0-1


[Site "https://www.chess.com"]

[Event "Early Titled Tuesday Blitz | February 8 2022"]
[White "Khachiyan, Melikset"]
[Black "Moroni, Luca Jr"]
[WhiteFideId "13300512"]
[BlackFideId "865834"]
[WhiteElo "2484"]
[BlackElo "2573"]
[Result "1-0"]
[Round "02"]
[TimeControl "180+1"]
[Date "2022.02.08"]
[WhiteClock "0:00:31"]
[BlackClock "0:00:27"]

1. d4 g6 2. e4 Bg7 3. Nc3 d6 4. Nf3 Nf6 5. h3 O-O 6. Be2 a6 7. a4 Nc6 8. O-O e5 9. dxe5 Nxe5 10. Nxe5 dxe5 11. Qxd8 Rxd8 12. Be3 Be6 13. Rfd1 Bf8 14. Bg5 Be7 15. Rxd8+ Rxd8 16. Rd1 Rd4 17. f3 Bc5 18. Kf1 Nh5 19. Be3 Rxd1+ 20. Nxd1 Bxe3 21. Nxe3 Nf4 22. h4 Kf8 23. g3 Nh5 24. Kf2 Ke7 25. Bc4 c6 26. Bxe6 Kxe6 27. a5 f5 28. exf5+ gxf5 29. Nxf5 Kxf5 30. g4+ Kg6 31. gxh5+ Kxh5 32. Kg3 Kg6 33. f4 Kf5 34. fxe5 Kxe5 35. Kg4 Kf6 36. Kh5 Kf5 37. Kh6 Kg4 38. Kxh7 Kxh4 39. Kg6 Kg4 40. Kf6 Kf4 41. Ke6 Ke3 42. Kd6 Kd2 43. Kc7 Kxc2 44. Kxb7 c5 45. Kxa6 c4 46. Kb5 Kb3 47. a6 1-0


[Site "https://www.chess.com"]

[Event "Early Titled Tuesday Blitz | February 8 2022"]
[White "Khamdamova, Afruza"]
[Black "De Silva, L M S T"]
[WhiteFideId "14210444"]
[BlackFideId "9953698"]
[WhiteElo "1660"]
[BlackElo "1631"]
[Result "0-1"]
[Round "02"]
[TimeControl "180+1"]
[Date "2022.02.08"]
[WhiteClock "0:01:20"]
[BlackClock "0:02:34"]

1. e4 e5 2. Nf3 Nc6 3. Bb5 a6 4. Ba4 Nf6 5. O-O b5 6. Bb3 Bb7 7. Re1 Bc5 8. c3 d6 9. d4 Bb6 10. Bg5 h6 11. Bh4 g5 12. Bg3 O-O 13. dxe5 Nxe5 14. Nxe5 dxe5 15. Bxe5 Nxe4 16. Bg3 Qf6 17. Qf3 Qxf3 18. gxf3 Nc5 19. Bd1 Nd3 20. Re7 Rae8 21. Rxe8 Rxe8 22. Nd2 Re1+ 23. Kg2 Nxb2 0-1


[Site "https://www.chess.com"]

[Event "Early Titled Tuesday Blitz | February 8 2022"]
[White "Kiolbasa, Oliwia"]
[Black "Ter-Sahakyan, Samvel"]
[WhiteFideId "1154613"]
[BlackFideId "13302531"]
[WhiteElo "2190"]
[BlackElo "2592"]
[Result "1/2-1/2"]
[Round "02"]
[TimeControl "180+1"]
[Date "2022.02.08"]
[WhiteClock "0:00:03"]
[BlackClock "0:00:04"]

1. e4 c6 2. d4 d5 3. e5 Bf5 4. Nf3 e6 5. Be2 Ne7 6. O-O Ng6 7. g3 Nd7 8. Nbd2 f6 9. Re1 fxe5 10. dxe5 Bc5 11. Nb3 Bb6 12. Nbd4 O-O 13. Nxf5 Rxf5 14. Bd3 Rf7 15. Bxg6 hxg6 16. Be3 Bxe3 17. Rxe3 c5 18. c4 Nb6 19. cxd5 Nxd5 20. Rd3 Qe7 21. Rc1 Raf8 22. a3 b5 23. b3 g5 24. h3 Rf5 25. Kg2 Kh8 26. Rc2 a6 27. Qc1 Qf7 28. Qd1 Qg6 29. Nh2 Rxe5 30. Ng4 Qe4+ 31. Kh2 c4 32. bxc4 bxc4 33. Rd4 Qf5 34. Nxe5 Qxe5 35. Rdxc4 Rf6 36. Qd4 Qf5 37. Qe4 Qxe4 38. Rxe4 Kh7 39. Rc6 Rxf2+ 40. Kg1 Rf3 41. Rxa6 Rxg3+ 42. Kh2 Rb3 43. a4 Nf4 44. a5 Rxh3+ 45. Kg1 Ra3 46. Ra8 Nh3+ 47. Kf1 Nf4 48. a6 Kg6 49. a7 Kf5 50. Rb4 Kg4 51. Ke1 Kf3 52. Kd1 e5 53. Rb7 g4 54. Rf8 g3 55. a8=Q Rxa8 56. Rxa8 g2 57. Rxg7 Kf2 58. Ra2+ Kf1 59. Raxg2 Nxg2 60. Re7 Ne3+ 61. Kd2 Ng4 62. Rxe5 Nxe5 1/2-1/2


[Site "https://www.chess.com"]

[Event "Early Titled Tuesday Blitz | February 8 2022"]
[White "Kiseleva, Arina"]
[Black "Avazkhonov, Alikhon"]
[WhiteFideId "4164989"]
[BlackFideId "14208504"]
[WhiteElo "1866"]
[BlackElo "1739"]
[Result "0-1"]
[Round "02"]
[TimeControl "180+1"]
[Date "2022.02.08"]
[WhiteClock "0:00:01"]
[BlackClock "0:00:04"]

1. d4 Nf6 2. Nf3 g6 3. Nbd2 Bg7 4. e4 d6 5. Bd3 O-O 6. O-O Nbd7 7. c3 e5 8. Re1 Qe7 9. a4 a5 10. Nc4 b6 11. h3 Bb7 12. Qc2 h6 13. Bd2 Kh7 14. dxe5 Nxe5 15. Nfxe5 dxe5 16. b4 Rfd8 17. Bf1 Qe6 18. f3 Nh5 19. bxa5 bxa5 20. Rab1 Ba6 21. Ne3 Bxf1 22. Nxf1 Rab8 23. Rb5 Rxb5 24. axb5 Qb6+ 25. Be3 Qxb5 26. c4 Qc6 27. Ra1 Nf4 28. Rxa5 g5 29. Bxf4 exf4 30. e5+ Kg8 31. Qf5 Qxc4 32. Ra1 Qe6 33. Qxe6 fxe6 34. Ra5 Rd5 35. Ra8+ Kf7 36. Rc8 Bxe5 37. Nh2 c5 38. Ng4 Bd4+ 39. Kh2 h5 40. Nh6+ Kg7 41. Rc7+ Kxh6 0-1


[Site "https://www.chess.com"]

[Event "Early Titled Tuesday Blitz | February 8 2022"]
[White "Kopylov, Alexander A."]
[Black "Gracia Alvarez, Gerardo Antonio"]
[WhiteFideId "4164857"]
[BlackFideId "5109124"]
[WhiteElo "2436"]
[BlackElo "2139"]
[Result "1-0"]
[Round "02"]
[TimeControl "180+1"]
[Date "2022.02.08"]
[WhiteClock "0:00:40"]
[BlackClock "0:00:04"]

1. e4 c5 2. Nf3 Nc6 3. c3 Nf6 4. Bd3 d5 5. exd5 Qxd5 6. Qe2 Bg4 7. Bc4 Qh5 8. h3 Bxf3 9. Qxf3 Qxf3 10. gxf3 g6 11. Bb5 Rc8 12. d3 Bg7 13. Be3 a6 14. Bxc6+ Rxc6 15. Nd2 O-O 16. Ne4 Nd5 17. h4 f5 18. Ng5 h6 19. Nh3 f4 20. Bd2 e5 21. O-O-O Rd8 22. Kc2 Rcd6 23. Rhg1 Ne7 24. Bc1 b5 25. Rd2 b4 26. h5 g5 27. Re1 Nd5 28. Re4 a5 29. Ng1 Kf7 30. Ne2 Nb6 31. a3 bxc3 32. Nxc3 Nc8 33. Rc4 Ne7 34. Rxc5 Nc6 35. Nb5 Re6 36. Kb1 Bf8 37. Rc4 Ne7 38. Rc7 Kf6 39. Nc3 Kf7 40. Ne4 Kg8 41. Ra7 Nf5 42. Rxa5 Nd4 43. Ra7 Nxf3 44. Rc2 1-0


[Site "https://www.chess.com"]

[Event "Early Titled Tuesday Blitz | February 8 2022"]
[White "Korkmaz, Necmettin"]
[Black "Cunjalo, Faris"]
[WhiteFideId "6303285"]
[BlackFideId "14410710"]
[WhiteElo "2094"]
[BlackElo "2263"]
[Result "0-1"]
[Round "02"]
[TimeControl "180+1"]
[Date "2022.02.08"]
[WhiteClock "0:00:56"]
[BlackClock "0:00:28"]

1. e4 c6 2. d4 d5 3. e5 c5 4. dxc5 e6 5. Be3 Nd7 6. Bb5 Qc7 7. Nf3 Bxc5 8. Bxc5 Qxc5 9. Nc3 Ne7 10. O-O Ng6 11. Re1 a6 12. Bd3 Nf4 13. Qd2 Nxd3 14. cxd3 O-O 15. d4 Qa5 16. a3 b5 17. b4 Qd8 18. Ne2 Nb6 19. Ng3 Nc4 20. Qf4 a5 21. Nh5 Kh8 22. Qg3 Rg8 23. Ng5 Qe7 24. Nf4 h6 25. Nf3 axb4 26. axb4 Rxa1 27. Rxa1 Qxb4 28. Qh4 Qc3 29. Rf1 Nd2 30. Ng5 Rf8 31. Qh5 Kg8 32. Nfh3 Nxf1 33. Kxf1 Qc1+ 34. Ke2 Qc2+ 35. Kf3 Qf5+ 36. Kg3 hxg5 37. Nxg5 f6 0-1


[Site "https://www.chess.com"]

[Event "Early Titled Tuesday Blitz | February 8 2022"]
[White "Kosteniuk, Alexandra"]
[Black "Oro, Luis"]
[WhiteFideId "4128125"]
[BlackFideId "104094"]
[WhiteElo "2469"]
[BlackElo "2264"]
[Result "1-0"]
[Round "02"]
[TimeControl "180+1"]
[Date "2022.02.08"]
[WhiteClock "0:01:44"]
[BlackClock "0:00:45"]

1. e4 c5 2. c3 Nf6 3. e5 Nd5 4. d4 cxd4 5. Nf3 d6 6. cxd4 Nc6 7. Bc4 Nb6 8. Bb5 e6 9. O-O Be7 10. Nc3 O-O 11. Qe2 Qc7 12. Bd3 h6 13. Qe4 g6 14. Bxh6 Re8 15. Nb5 Qd7 16. Rad1 d5 17. Qg4 Bf8 18. Bxf8 Rxf8 19. Nd6 Ne7 20. h4 Kg7 21. h5 Nf5 22. hxg6 fxg6 23. Nh4 Nxh4 24. Qxh4 Qd8 25. Qg4 Rf5 26. Bxf5 exf5 27. Qf4 Be6 28. b3 Qd7 29. Rc1 Qe7 30. Rc3 Rd8 31. Rfc1 Rd7 32. Rh3 Kg8 33. Qh6 Qg7 34. Qg5 Re7 35. Rh6 Bf7 36. Qxe7 1-0


[Site "https://www.chess.com"]

[Event "Early Titled Tuesday Blitz | February 8 2022"]
[White "Kostiukov, Alexandr"]
[Black "Zarnicki, Pablo"]
[WhiteFideId "14108100"]
[BlackFideId "100137"]
[WhiteElo "2202"]
[BlackElo "2467"]
[Result "1-0"]
[Round "02"]
[TimeControl "180+1"]
[Date "2022.02.08"]
[WhiteClock "0:01:00"]
[BlackClock "0:00:23"]

1. g3 c5 2. Bg2 Nc6 3. c4 g6 4. Nf3 Bg7 5. O-O Nh6 6. d4 cxd4 7. Bxh6 Bxh6 8. Nxd4 Bg7 9. e3 O-O 10. Nc3 d6 11. Nxc6 bxc6 12. Bxc6 Bh3 13. Bg2 Bxg2 14. Kxg2 Qc8 15. Qd3 Qc6+ 16. Qd5 Rfc8 17. Rac1 Qxc4 18. b3 Qxd5+ 19. Nxd5 Rxc1 20. Rxc1 e6 21. Ne7+ Kf8 22. Rc7 a5 23. Nc6 Bf6 24. a3 d5 25. b4 axb4 26. axb4 Ke8 27. b5 Bd8 28. Nxd8 Kxd8 29. Rxf7 Ra5 30. Rxh7 Rxb5 31. Rg7 Rb2 32. Rxg6 Ke7 33. h4 e5 34. h5 d4 35. exd4 exd4 36. Rg4 d3 37. Rd4 d2 38. Kf3 Kf6 39. Ke3 Kg5 40. Rd5+ Kh6 41. g4 Rb4 42. f3 Rb3+ 43. Ke2 Ra3 44. Rxd2 Ra6 45. Kf2 Rf6 46. Kg3 Ra6 47. Kh4 Ra5 48. g5+ Kh7 49. f4 Ra4 50. Kg4 Ra7 51. Rd6 Re7 52. h6 Rc7 53. Kh5 Rf7 54. g6+ Kh8 55. gxf7 Kh7 56. Rd7 1-0


[Site "https://www.chess.com"]

[Event "Early Titled Tuesday Blitz | February 8 2022"]
[White "Kucuksari, Kaan"]
[Black "Sviridov, Valery"]
[WhiteFideId "6380166"]
[BlackFideId "4120680"]
[WhiteElo "2305"]
[BlackElo "2454"]
[Result "1-0"]
[Round "02"]
[TimeControl "180+1"]
[Date "2022.02.08"]
[WhiteClock "0:00:22"]
[BlackClock "0:01:32"]

1. d4 g6 2. e4 Bg7 3. Nf3 d6 4. Bd3 e6 5. Be3 b6 6. O-O Bb7 7. Re1 Nd7 8. c4 h6 9. Nc3 Ne7 10. Qd2 g5 11. h3 Ng6 12. Ne2 O-O 13. Ng3 Nf6 14. d5 Nd7 15. Nd4 Qe7 16. Nh5 Bxd4 17. Bxd4 e5 18. Be3 Nf6 19. Ng3 Nh4 20. Bxg5 hxg5 21. Qxg5+ Ng6 22. Nf5 Qd8 23. Re3 Nh7 24. Qh6 Qg5 25. Qg7# 1-0


[Site "https://www.chess.com"]

[Event "Early Titled Tuesday Blitz | February 8 2022"]
[White "Kujawski, Adam"]
[Black "Gontcharov, Vladislav"]
[WhiteFideId "1100920"]
[BlackFideId "4123492"]
[WhiteElo "2053"]
[BlackElo "2503"]
[Result "0-1"]
[Round "02"]
[TimeControl "180+1"]
[Date "2022.02.08"]
[WhiteClock "0:00:01"]
[BlackClock "0:01:11"]

1. e4 e6 2. d4 d5 3. Nc3 Bb4 4. e5 c5 5. a3 Bxc3+ 6. bxc3 Ne7 7. a4 O-O 8. Nf3 Qc7 9. Bd3 h6 10. O-O b6 11. a5 Ba6 12. Bxa6 Nxa6 13. Qe2 Qb7 14. Ba3 Rfc8 15. Rfb1 Nc6 16. dxc5 Nxa5 17. cxb6 axb6 18. Bd6 Nc4 19. Nd4 Nc5 20. Bxc5 Rxa1 21. Rxa1 bxc5 22. Nf3 Qb2 23. Qe1 Qxc2 24. h3 Rb8 25. Kh2 g5 26. Ra7 Rb2 0-1


[Site "https://www.chess.com"]

[Event "Early Titled Tuesday Blitz | February 8 2022"]
[White "Kushagra, Mohan"]
[Black "Loy, Konstantin"]
[WhiteFideId "25033638"]
[BlackFideId "14122499"]
[WhiteElo "1886"]
[BlackElo "2084"]
[Result "1-0"]
[Round "02"]
[TimeControl "180+1"]
[Date "2022.02.08"]
[WhiteClock "0:01:05"]
[BlackClock "0:00:33"]

1. e4 c5 2. Nf3 d6 3. d4 cxd4 4. Nxd4 Nf6 5. Nc3 g6 6. f3 Bg7 7. Be3 O-O 8. Qd2 Nc6 9. O-O-O Bd7 10. g4 Rc8 11. h4 Ne5 12. h5 Qa5 13. Kb1 Nxf3 14. Nxf3 Rxc3 15. Qxc3 Qxc3 16. bxc3 Bxg4 17. Bg2 Nxe4 18. Bd4 e5 19. h6 Bh8 20. Nh2 Bxd1 21. Bxe4 Bxc2+ 22. Kxc2 exd4 23. c4 b6 24. Kd3 Be5 25. Nf3 Rc8 26. Bd5 Bf6 27. Rf1 Rc7 28. Nxd4 Bxd4 29. Kxd4 Kf8 30. Rf6 Re7 31. Rxd6 Re1 32. Rd8+ Ke7 33. Rh8 Rd1+ 34. Kc3 f5 35. Rxh7+ Kf6 36. Rf7+ Kg5 37. h7 Rh1 38. Bxh1 1-0


[Site "https://www.chess.com"]

[Event "Early Titled Tuesday Blitz | February 8 2022"]
[White "Lakshmi C"]
[Black "Sharapov, Evgeny"]
[WhiteFideId "25035347"]
[BlackFideId "14103133"]
[WhiteElo "1775"]
[BlackElo "2367"]
[Result "0-1"]
[Round "02"]
[TimeControl "180+1"]
[Date "2022.02.08"]
[WhiteClock "0:00:01"]
[BlackClock "0:00:15"]

1. e4 c5 2. Nf3 d6 3. d4 cxd4 4. Nxd4 Nf6 5. Nc3 Nc6 6. Bg5 Qb6 7. Nb3 e6 8. Qd2 Be7 9. Be3 Qc7 10. Be2 O-O 11. f4 a6 12. Bf3 b5 13. a4 b4 14. Ne2 Bb7 15. g4 d5 16. e5 Ne4 17. Qd3 Na5 18. O-O Nc4 19. Bd4 a5 20. Ng3 Nxg3 21. hxg3 Ba6 22. Qd1 Rac8 23. g5 Nxb2 24. Bxb2 Bxf1 25. Kxf1 Qxc2 26. Bd4 Qf5 27. Bg4 Qe4 28. Bf3 Qg6 29. Bh5 Qc2 30. Nxa5 b3 31. Nxb3 Qc4+ 32. Be2 Qb4 33. a5 Rb8 34. Nc1 Bc5 35. Na2 Qa3 36. Bxc5 Qxc5 37. Nc1 Qc3 38. Nd3 Ra8 39. a6 f6 40. exf6 gxf6 41. Bg4 fxg5 42. Bxe6+ Kh8 43. Ne5 Qxe5 44. Bxd5 gxf4 45. g4 Ra7 46. Bf3 Qb5+ 47. Kg2 Qb2+ 48. Kh3 Qf6 0-1


[Site "https://www.chess.com"]

[Event "Early Titled Tuesday Blitz | February 8 2022"]
[White "Lashkin, Jegor"]
[Black "Barp, Alberto"]
[WhiteFideId "13907808"]
[BlackFideId "872555"]
[WhiteElo "2344"]
[BlackElo "2229"]
[Result "1/2-1/2"]
[Round "02"]
[TimeControl "180+1"]
[Date "2022.02.08"]
[WhiteClock "0:00:08"]
[BlackClock "0:00:06"]

1. d4 Nf6 2. c4 e6 3. Nc3 Bb4 4. e3 O-O 5. Bd3 d5 6. a3 Bxc3+ 7. bxc3 dxc4 8. Bxc4 c5 9. Ne2 b6 10. O-O Ba6 11. Bxa6 Nxa6 12. Qd3 Nc7 13. e4 cxd4 14. cxd4 Qd7 15. Bg5 Qb5 16. Qxb5 Nxb5 17. Bxf6 gxf6 18. a4 Nd6 19. f3 Rfc8 20. Rfb1 Rc2 21. Kf2 Rac8 22. a5 b5 23. e5 fxe5 24. dxe5 Nf5 25. Ke1 Ne3 26. Rxb5 Nxg2+ 27. Kf1 Ne3+ 28. Ke1 Rd8 29. Rb3 Nf5 30. Rc3 Rb2 31. Rd1 Rxd1+ 32. Kxd1 Rb5 33. a6 Rb6 34. Ra3 Ne7 35. Nd4 Nc6 36. Nxc6 Rxc6 37. Kd2 Kg7 38. Ke3 Kg6 39. Kf4 Rc4+ 40. Kg3 Kf5 41. Ra5 Rc6 42. h4 h5 43. Rb5 Rxa6 44. Rb7 Kg6 45. f4 Ra3+ 46. Kf2 a5 47. Ra7 a4 48. Kg2 Kg7 49. Kh2 Kg6 50. Kg2 Kf5 51. Rxf7+ Kg4 52. Kf2 Rf3+ 53. Ke2 Rxf4 54. Rg7+ Kxh4 55. Kd3 a3 56. Ra7 Kg3 57. Ke3 Rf3+ 58. Ke4 Rb3 59. Rg7+ Kh3 60. Re7 a2 61. Ra7 Rb2 62. Kf4 h4 63. Kg5 Kg3 64. Ra3+ Kf2 65. Kxh4 Ke2 66. Kg5 Kd2 67. Kf6 Kc2 68. Kxe6 Rb6+ 69. Kf7 Kb2 70. Rxa2+ Kxa2 71. e6 Kb3 72. e7 Rb8 73. e8=Q Rxe8 74. Kxe8 1/2-1/2


[Site "https://www.chess.com"]

[Event "Early Titled Tuesday Blitz | February 8 2022"]
[White "Lauridsen, Jesper Morch"]
[Black "Rodchenkov, Sergey D."]
[WhiteFideId "1401890"]
[BlackFideId "4168712"]
[WhiteElo "2223"]
[BlackElo "2306"]
[Result "0-1"]
[Round "02"]
[TimeControl "180+1"]
[Date "2022.02.08"]
[WhiteClock "0:00:09"]
[BlackClock "0:00:47"]

1. e4 c5 2. Nf3 d6 3. d4 cxd4 4. Nxd4 Nf6 5. Nc3 a6 6. Bc4 e6 7. a3 Be7 8. Ba2 O-O 9. O-O b5 10. Bg5 Qc7 11. Qd3 Bd7 12. Rad1 Rd8 13. Nf5 exf5 14. Bxf6 Bxf6 15. Nd5 Qc8 16. Nxf6+ gxf6 17. Qg3+ Kh8 18. Qh4 Rg8 19. Qxf6+ Rg7 20. Rd3 f4 21. Qxf4 Nc6 22. Qxd6 Be6 23. Bxe6 Qxe6 24. Qxe6 fxe6 25. f4 Rag8 26. g3 h5 27. Rd6 Nd8 28. Kf2 h4 29. gxh4 Rg2+ 30. Ke1 Rxh2 31. f5 exf5 32. Rxf5 Rg1+ 33. Rf1 Rxf1+ 34. Kxf1 Nf7 35. Rxa6 Rxc2 36. Rb6 Rxb2 37. a4 b4 38. a5 Kg7 39. a6 Ra2 40. a7 Rxa7 41. Rxb4 Re7 42. e5 Rxe5 43. Kf2 Rc5 44. h5 Rc2+ 45. Ke3 Rh2 46. h6+ Nxh6 47. Ra4 Nf5+ 48. Kf4 Rh4+ 0-1


[Site "https://www.chess.com"]

[Event "Early Titled Tuesday Blitz | February 8 2022"]
[White "Lazavik, Denis"]
[Black "Gabrielian, Artur"]
[WhiteFideId "13515110"]
[BlackFideId "4131002"]
[WhiteElo "2436"]
[BlackElo "2440"]
[Result "1-0"]
[Round "02"]
[TimeControl "180+1"]
[Date "2022.02.08"]
[WhiteClock "0:00:53"]
[BlackClock "0:00:04"]

1. d4 Nf6 2. c4 c5 3. d5 e6 4. Nc3 exd5 5. cxd5 d6 6. Nf3 g6 7. h3 Bg7 8. Bf4 O-O 9. e3 Na6 10. Bxa6 bxa6 11. O-O Rb8 12. Qc2 Bf5 13. e4 Nxe4 14. Nxe4 Rxb2 15. Qd3 Re8 16. Rae1 Rb4 17. Nfd2 Rd4 18. Qf3 c4 19. Nxd6 Rxe1 20. Rxe1 c3 21. Re8+ Qxe8 22. Nxe8 Rd3 23. Qe2 Bd4 24. Ne4 c2 25. Qxd3 1-0


[Site "https://www.chess.com"]

[Event "Early Titled Tuesday Blitz | February 8 2022"]
[White "Le Ruyet, Leopold"]
[Black "Kamsky, Gata"]
[WhiteFideId "645923"]
[BlackFideId "2000024"]
[WhiteElo "2276"]
[BlackElo "2645"]
[Result "0-1"]
[Round "02"]
[TimeControl "180+1"]
[Date "2022.02.08"]
[WhiteClock "0:00:03"]
[BlackClock "0:00:15"]

1. d4 d5 2. c4 c6 3. Nf3 Nf6 4. g3 g6 5. Bg2 Bg7 6. O-O O-O 7. Nbd2 a5 8. b3 Bf5 9. Bb2 Ne4 10. Nh4 Nxd2 11. Qxd2 Be6 12. cxd5 cxd5 13. f4 Qd7 14. Qd3 Bh3 15. Bxh3 Qxh3 16. f5 Nc6 17. e4 dxe4 18. Qxe4 Rad8 19. Rad1 Rd6 20. Rd2 Rfd8 21. Rfd1 e6 22. fxg6 hxg6 23. Bc3 Rd5 24. Nf3 b6 25. Ne5 Nxe5 26. dxe5 Rxd2 27. Rxd2 Rc8 28. Bb2 Qh5 29. Qb7 Rf8 30. Qxb6 Bxe5 31. Qc5 Bxb2 32. Qxh5 gxh5 33. Rxb2 Rd8 34. Rc2 Rd5 35. Kf1 Kg7 36. Kf2 f5 37. Ke3 Kf6 38. Rc8 Rd1 39. Rh8 Ra1 40. Rxh5 Rxa2 41. Kd3 e5 42. Rh6+ Kg5 43. Re6 e4+ 44. Kd4 Rxh2 45. Ke3 Rg2 46. Re5 Rxg3+ 47. Kd4 Rxb3 48. Rxa5 Kf4 49. Ra8 Rd3+ 50. Kc4 Rd1 51. Ra2 e3 52. Rh2 Ke4 53. Rh4+ f4 54. Rh3 Rc1+ 0-1


[Site "https://www.chess.com"]